 Dungeon Crawl Stone Soup version 0.21-a0-110-g8e1637b (webtiles) character file.

111561 MackTheKnife the Basher (level 16, -7/154 HPs)
             Began as a Demonspawn Chaos Knight on July 7, 2017.
             Mangled by a deep troll (13 damage)
             ... on level 15 of the Dungeon on July 8, 2017.
             The game lasted 01:05:18 (26209 turns).

MackTheKnife the Basher (Demonspawn Chaos Knight)  Turns: 26209, Time: 01:05:19

Health: -7/154     AC: 24    Str: 14    XL:     16   Next: 9%
Magic:  25/25      EV: 13    Int: 16    God:    Xom [..*...]
Gold:   1927       SH:  0    Dex: 20    Spells: 15/15 levels left

rFire    + + +     SeeInvis +   a - +14 obsidian axe {chop, +Fly SInv *Curse} (curse)
rCold    . . .     Gourm    .   (no shield)
rNeg     + . .     Faith    .   U - +4 chain mail of Magic {MR++}
rPois    +         Spirit   .   (helmet unavailable)
rElec    .         Reflect  .   u - +1 cloak
rCorr    .         Harm     .   E - +0 pair of gloves
MR       +++..                  J - +0 pair of boots "Tiomp" {rN+}
Stlth    ..........             y - amulet of regeneration {+regen, !d}
HPRegen  0.75/turn              e - +5 ring of dexterity
MPRegen  0.19/turn              g - ring "Weoni" {rPois rF+ MP+9 Str-3}

@: mesmerised
A: antennae 3, hooves 1, icy blue scales 2, blurry vision 2, clever 1, demonic
guardian 1, fire resistance 3, poison resistance, robust 2, spiny 1
a: Renounce Religion, Evoke Flight


You were on level 15 of the Dungeon.
You worshipped Xom.
You were a toy of Xom.
You were not hungry.

You visited 4 branches of the dungeon, and saw 24 of its levels.
You also visited: Labyrinth and Volcano.

You collected 2868 gold pieces.
You spent 941 gold pieces at shops.

Inventory:

Hand Weapons
 a - the cursed +14 obsidian axe (weapon) {chop, +Fly SInv *Curse}
   (You found it on level 1 of the Orcish Mines)

   It inflicts extra damage upon your enemies.
   It lets you see invisible.
   It lets you fly.
   It curses itself when equipped.
   It has a curse placed upon it.
 m - a +0 demon whip
   (You took it off a gelid demonspawn on level 2 of the Orcish Mines)
Missiles
 i - 3 throwing nets {=f, !d}
Armour
 r - a +2 pair of boots
   (You found it on level 14 of the Dungeon)
 u - a +1 cloak (worn)
   (You took it off Crazy Yiuf on level 2 of the Dungeon)
 E - a +0 pair of gloves (worn)
   (You found it on level 6 of the Dungeon)
 J - the +0 pair of boots "Tiomp" (worn) {rN+}
   (You found it in a volcano)

   It protects you from negative energy.
 M - a cursed +0 shield
   (You found it on level 11 of the Dungeon)
 U - the +4 chain mail of Magic (worn) {MR++}
   (You bought it in a shop on level 7 of the Dungeon)

   It affects your resistance to hostile enchantments.
Jewellery
 e - a +5 ring of dexterity (left hand)
   (You found it on level 1 of the Dungeon)
 g - the ring "Weoni" (right hand) {rPois rF+ MP+9 Str-3}
   (You took it off an orc wizard on level 4 of the Dungeon)

   [ring of magical power]

   It affects your strength (-3).
   It protects you from fire.
   It protects you from poison.
   It affects your magic capacity (+9).
 h - an uncursed ring of ice {rC+, rF-}
   (You found it on level 6 of the Dungeon)
 j - an uncursed ring of protection from fire {rF+, !d}
   (You took it off an orc wizard on level 4 of the Dungeon)
 y - an amulet of regeneration (around neck) {+regen, !d}
   (You found it on level 6 of the Dungeon)
 D - an uncursed ring of positive energy {rN+}
   (You found it on level 7 of the Dungeon)
 R - an uncursed ring of wizardry {Wiz+, !d}
   (You took it off a minotaur in a labyrinth)
Wands
 n - a wand of paralysis (11/24)
   (You found it on level 4 of the Lair of Beasts)
 p - a wand of lightning (2/15)
   (Xom gifted it to you on level 2 of the Orcish Mines)
 v - a wand of lightning (0/15)
   (You found it on level 5 of the Lair of Beasts)
 L - a wand of digging (4/24)
   (You found it on level 9 of the Dungeon)
 N - a wand of acid (3/15)
   (You found it on level 10 of the Dungeon)
 S - a wand of digging (8/24)
   (You found it in a labyrinth)
 W - a wand of confusion (13/48)
   (You found it on level 6 of the Lair of Beasts)
Scrolls
 b - 6 scrolls of enchant armour
 d - 9 scrolls of remove curse
 k - 5 scrolls of teleportation
 o - 5 scrolls of recharging
 s - 3 scrolls of magic mapping {!r}
 z - 2 scrolls of fear
 B - 2 scrolls of enchant weapon
 C - 3 scrolls of blinking {!r}
 G - 2 scrolls of immolation {!r}
 T - 3 scrolls of fog
 Y - a scroll of vulnerability {!r!r}
Potions
 f - 4 potions of curing
 q - a potion of flight
 t - 2 potions of cancellation
 A - 2 potions of resistance
 F - 2 potions of magic
 H - 2 potions of ambrosia
 K - a potion of berserk rage {!q}
 O - 3 potions of brilliance
 P - 2 potions of haste
Miscellaneous
 I - a phial of floods
   (You found it on level 3 of the Lair of Beasts)
Comestibles
 c - 6 bread rations {@e1}
 l - 12 fruits
 w - 11 royal jellies
 x - 9 meat rations {@e2}


   Skills:
 - Level 12.8 Fighting
 + Level 12.1(14.7) Axes
 - Level 14.0(15.6) Maces & Flails
 - Level 10.1 Armour
 - Level 12.6 Dodging


You had 15 spell levels left.
You didn't know any spells.

Dungeon Overview and Level Annotations

Branches:
Dungeon (15/15)            Temple (0/1) D:6            Lair (6/6) D:10
  Swamp (0/4) Lair:3       Spider (0/4) Lair:2        Slime (1/5) Lair:6
    Orc (2/2) D:9             Elf (0/3) Orc:2        Vaults (0/5) D:13
 Depths: D:15

Altars:
Vehumet
Xom
Beogh

Shops:
D:7 %(*   D:8 *   D:9 [   D:11 *   D:13 *   Orc:2 *:*[*

Portals:
Pandemonium: Orc:2
Trove: D:10 (give +7 demon whip)

Annotations:
Lair:3 exclusion: 2 oklob plants


Innate Abilities, Weirdness & Mutations

You have a pair of large antennae on your head. (SInv)
You are mostly covered in icy blue scales. (AC +3)
A weak demonic guardian rushes to your aid.
You are partially covered in sharp spines.
You have large cloven feet.
Scrolls take you longer to read.
Your mind is acute. (Int +2)
Your flesh is almost immune to the effects of heat. (rF+++)
Your system is resistant to poisons. (rPois)
You are very robust. (+20% HP)


Message History

The yaktaur unwields an uncursed arbalest.
The yaktaur hits you but does no damage.
The centaur warrior barely misses you.
You slash the yaktaur! You hit the centaur warrior.
You open a gate to Pandemonium!
A demon appears!
The centaur warrior shoots an arrow.
The arrow hits you but does no damage.
The centaur warrior is struck by your spines.
The centaur warrior closely misses you.
The yaktaur hits you but does no damage.
The centaur warrior shoots an arrow.
The arrow barely misses you.
The arrow hits the centaur warrior!!
The centaur warrior hits you.
You hear two shouts!
You hear a shout!
You take 2 damage, and have 88/154 hp.
You are too injured to fight recklessly!
You are too injured to fight recklessly!
You are too injured to fight recklessly!
You cannot move away from the centaur warrior!
You slice the centaur warrior!!
You are no longer entranced.
You kill the centaur warrior!
You barely miss the yaktaur.
Visions of slaying the yaktaur flood into your mind.
The yaktaur is struck by your spines.
The yaktaur hits you but does no damage.
The centaur warrior shoots an arrow.
The arrow hits you but does no damage.
The centaur warrior shoots an arrow.
The arrow hits you but does no damage.
The yaktaur hits you but does no damage.
You see here an arrow.
You slice the yaktaur!!
You are no longer entranced.
You kill the yaktaur!
Visions of slaying the centaur warrior flood into your mind.
The centaur warrior shoots an arrow.
The arrow hits you!
You take 11 damage, and have 78/154 hp.
An ettin comes into view. It is wielding two dire flails.
The centaur warrior is struck by your spines.
The centaur warrior hits you but does no damage. x2
You slice the centaur warrior!! You barely miss the deep troll.
The centaur warrior is struck by your spines.
You break out of your daze!
You kill the centaur warrior!
The deep troll is struck by your spines.
The deep troll bites you but does no damage.
The deep troll claws you!
The deep troll claws you but does no damage.
You take 6 damage, and have 73/154 hp.
Visions of slaying the ettin flood into your mind.
The ettin is struck by your spines. The ettin closely misses you. x2
Things that are here:
a shortbow; 13 arrows; a centaur corpse You slash the ettin!
You barely miss the deep troll.
Visions of slaying the deep troll flood into your mind.
The ettin hits you with a dire flail!! The ettin completely misses you.
Your chaos spawn closely misses the deep troll.
The deep troll closely misses you.
The deep troll claws you but does no damage.
The deep troll barely misses you.
A yaktaur comes into view.
You take 19 damage, and have 54/154 hp.
The yaktaur shouts!
You hit the ettin. You hit the deep troll. The ettin barely misses you.
The ettin hits you with a dire flail!!
* * * LOW HITPOINT WARNING * * *
Your chaos spawn gores the deep troll!
Your chaos spawn freezes the deep troll!
The deep troll is struck by your spines.
The deep troll misses you. The deep troll claws you!
* * * LOW HITPOINT WARNING * * *
The deep troll misses you.
A centaur warrior comes into view.
You take 32 damage, and have 22/154 hp.
MASSIVE DAMAGE!!
The centaur warrior shouts!
You hit the deep troll. You slash the ettin!
The ettin hits you but does no damage. The ettin hits you with a dire flail.
* * * LOW HITPOINT WARNING * * *
You take 5 damage, and have 17/154 hp.
You swap places.
Your chaos spawn closely misses the deep troll.
The deep troll is struck by your spines.
The deep troll bites you but does no damage.
The deep troll claws you but does no damage.
The deep troll barely misses you.
The ettin hits your chaos spawn with a dire flail!!
Your chaos spawn dies!
Your chaos spawn degenerates into a cloud of primal chaos!
Your chain mail of Magic prevents you from hitting the deep troll.
The deep troll bites you.
* * * LOW HITPOINT WARNING * * *
The deep troll claws you!
* * * LOW HITPOINT WARNING * * *
The deep troll barely misses you.
You take 12 damage, and have 6/154 hp.
Really read
C - 3 scrolls of blinking {!r}?
Really read with blurry vision while enemies are nearby? [Y]es or [N]o only, please.
Really read with blurry vision while enemies are nearby?
The deep troll closely misses you. The deep troll claws you!
You die...
Xom guffaws!

##. #######
..# .........
...
.........# ..
......#.#.#c#
....%....#..
#.......#.#
#.......#C#
#.....)(T@#
#....)(..5#
#.....(...#
#.....(...#
+.....(...#
#....()(..#
#.....(...# {
#........<#
#.........#


You could see an ettin, a deep troll, a yaktaur and a friendly quasit.

Vanquished Creatures
  A sphinx (D:14)
  Gastronok (Lair:1)
  A ghost moth (Lair:6)
  A dire elephant (Lair:6)
  Snorg (D:13)
  A fire dragon (Lair:6)
  Erolcha (D:13)
  Josephine (D:13)
  3 vault guards (D:13)
  An ice dragon (D:14)
  3 centaur warriors
  The ghost of cirnu the Cleaver, a journeyman DsFi of Gozag (Orc:1)
  3 hydras
  A death knight (D:14)
  5 death yaks
  6 two-headed ogres
  6 orc high priests (Orc:2)
  2 tengu warriors (D:14)
  A skeletal warrior (D:13)
  A sixfirhy (Orc:2)
  An unseen horror (D:12)
  A swamp dragon (Lair:6)
  2 gelid demonspawn (Orc:2)
  3 orc knights
  An oklob plant (Lair:3)
  5 orc sorcerers
  3 deep elf magi
  A wolf spider (Lair:6)
  A slime creature (Lair:6)
  11 ugly things
  A manticore (D:11)
  A guardian serpent (Lair:6)
  18 wyverns
  12 cyclopes
  2 rust devils (Orc:2)
  7 black mambas
  14 elephants
  A torpor snail (Lair:6)
  19 spiny frogs
  A gargoyle (D:14)
  2 kobold demonologists
  2 yaktaurs
  2 rime drakes (Lair:6)
  An efreet (Lair:1)
  9 komodo dragons
  2 polar bears
  10 trolls
  2 jumping spiders (Lair:2)
  11 blink frogs
  2 hornets (Lair:6)
  A tyrant leech (Orc:1)
  5 hippogriffs
  5 dream sheep (Lair:5)
  A meliai zombie (D:13)
  2 redbacks (Lair:6)
  A ynoxinul (Orc:2)
  2 shadows
  4 wraiths (D:13)
  32 yaks
  2 basilisks
  4 hogs (D:7)
  A human (D:7)
  2 steam dragons
  4 hungry ghosts
  8 vampire mosquitoes
  6 wargs
  4 acid dragons
  19 water moccasins
  The ghost of newuser the Slasher, an amateur VSFi (D:4)
  25 orc warriors
  8 porcupines
  2 black bears
  3 ice beasts
  4 sky beasts
  A swamp drake (Lair:6)
  An eye of draining (D:13)
  2 phantoms (D:10)
  3 necrophages
  16 ogres
  14 wolves
  2 centaurs
  15 crocodiles
  18 bullfrogs
  A big kobold (D:8)
  Blork the orc (D:5)
  A gnoll sergeant (D:5)
  A wyvern zombie (D:13)
  A water moccasin zombie (D:5)
  3 scorpions
  8 killer bees
  4 howler monkeys
  17 wights
  8 crimson imps
  2 bullfrog zombies
  4 centaur zombies
  2 quasits
  7 hounds
  13 jellies
  23 orc priests
  Crazy Yiuf (D:2)
  2 centaur skeletons
  2 iguanas (Lair:6)
  2 bullfrog skeletons
  19 orc wizards
  12 worker ants
  2 hound zombies
  Robin (D:4)
  A howler monkey zombie (D:5)
  2 worker ant zombies
  A howler monkey skeleton (D:7)
  10 adders
  13 gnolls
  2 shadow imps
  4 oozes
  2 adder zombies
  3 adder skeletons
  A worm (D:2)
  3 dart slugs
  6 leopard geckos
  91 orcs
  5 giant cockroaches
  10 goblins
  13 hobgoblins
  22 jackals
  6 quokkas
  A ball python (D:6)
  7 bats
  4 frilled lizards
  19 kobolds
  A quokka skeleton (D:5)
  A quokka zombie (D:5)
  6 rats
  2 fungi
  4 plants
784 creatures vanquished.

Vanquished Creatures (collateral kills)
  A fire giant (Orc:1)
  The ghost of MirrMurr the Severer, a journeyman HOBe of Trog (D:11)
  A minotaur (Lab)
  A vault guard (D:13)
  A centaur warrior (D:14)
  A two-headed ogre (D:14)
  2 tengu warriors (D:14)
  An orc high priest (Orc:2)
  2 skeletal warriors (D:13)
  A sea snake (D:13)
  An infernal demonspawn (Orc:2)
  2 orc knights (Orc:2)
  Pikel (D:4)
  An ugly thing (D:13)
  3 cyclopes (Orc:1)
  An orc sorcerer (Orc:2)
  A manticore (D:13)
  A rust devil (Orc:2)
  A black mamba (Lair:5)
  A spiny frog (Lair:4)
  2 trolls
  A hippogriff (D:14)
  A shadow (D:14)
  A wraith (D:13)
  5 yaks
  A chaos spawn (Orc:2)
  A vampire mosquito (D:12)
  A water moccasin (D:12)
  7 orc warriors (Orc:2)
  A phantom (D:13)
  A wolf (Orc:1)
  3 ogres
  A centaur (D:11)
  3 killer bees
  2 wights
  2 hounds
  3 orc priests
  An orc wizard (D:14)
  An iguana (D:14)
  5 orcs
  A fungus (Lair:4)
69 creatures vanquished.

Vanquished Creatures (others)
  An oklob plant (Lair:3)
  A black mamba (Lair:6)
  2 yaks (Lair:6)
  A basilisk (Lair:6)
  An orc priest (Orc:1)
  2 adders (D:4)
  A leopard gecko (D:4)
  A quokka (D:4)
  A bush (Lair:6)
  19 fungi
  49 plants
79 creatures vanquished.

Grand Total: 932 creatures vanquished

Notes
Turn   | Place    | Note
-------+----------+-------------------------------------------
     0 | D:1      | MackTheKnife the Demonspawn Chaos Knight began the quest for the Orb.
     0 | D:1      | Reached XP level 1. HP: 18/18 MP: 1/1
   408 | D:1      | Reached skill level 1 in Dodging
   484 | D:1      | Reached skill level 3 in Maces & Flails
   500 | D:1      | Gained mutation: You are partially covered in icy blue scales. (AC +2) [demonic ancestry]
   500 | D:1      | Reached XP level 2. HP: 19/24 MP: 2/2
   526 | D:1      | XOM: cloud trail
   600 | D:1      | XOM: mild Ice miscast
   824 | D:1      | XOM: silly message
   889 | D:2      | XOM: noise
   975 | D:2      | Reached XP level 3. HP: 29/29 MP: 3/3
   988 | D:2      | Reached skill level 2 in Dodging
   991 | D:2      | XOM: potion effect (haste)
  1142 | D:2      | Found a radiant altar of Vehumet.
  1301 | D:2      | Reached XP level 4. HP: 35/35 MP: 4/4
  1570 | D:2      | Found a runed door.
  1574 | D:2      | Noticed Crazy Yiuf
  1577 | D:2      | Killed Crazy Yiuf
  1577 | D:2      | Reached skill level 4 in Maces & Flails
  1901 | D:3      | Found a faded altar of an unknown god.
  2051 | D:3      | XOM: medium Air miscast
  2447 | D:3      | XOM: harmless Hex miscast
  2473 | D:4      | Noticed a centaur
  2659 | D:4      | HP: 8/35 [centaur (3)]
  2667 | D:4      | Killed a centaur
  2667 | D:4      | Reached skill level 3 in Dodging
  2667 | D:4      | Reached XP level 5. HP: 31/41 MP: 5/5
  2743 | D:4      | Noticed newuser's ghost (amateur VSFi)
  2750 | D:4      | XOM: potion effect (berserk rage)
  2752 | D:4      | Killed newuser's ghost
  2752 | D:4      | Reached skill level 5 in Maces & Flails
  2752 | D:4      | Gained mutation: You have a pair of small antennae on your head. [demonic ancestry]
  2752 | D:4      | Reached XP level 6. HP: 47/47 MP: 6/6
  2861 | D:4      | XOM: harmless Fire miscast
  2922 | D:4      | Noticed a slave
  2923 | D:4      | Noticed Pikel
  2926 | D:4      | Noticed a slave
  2927 | D:4      | Noticed a slave
  2944 | D:4      | Noticed a slave
  2951 | D:4      | XOM: noise
  2952 | D:4      | XOM: medium Pois miscast
  2955 | D:4      | XOM: summons friendly red devil
  2965 | D:4      | Killed Pikel
  2965 | D:4      | Reached skill level 6 in Maces & Flails
  2965 | D:4      | Reached skill level 5 in Dodging
  2965 | D:4      | Reached XP level 7. HP: 14/52 MP: 7/7
  3001 | D:3      | XOM: summons 3 hostile demons
  3259 | D:4      | Got a bound steel ring
  3274 | D:4      | XOM: summons 1 hostile demon
  3335 | D:4      | XOM: draining
  3381 | D:4      | Noticed Robin
  3414 | D:4      | Killed Robin
  3495 | D:5      | Entered Level 5 of the Dungeon
  3605 | D:5      | XOM: noise
  3608 | D:5      | HP: 13/52 [poisoned by a gnoll sergeant]
  3609 | D:5      | XOM: confusion (+ monsters)
  3826 | D:5      | XOM: mild Pois miscast
  3828 | D:4      | HP: 12/52 [poisoned by the capriciousness of Xom (residual poison)]
  4078 | D:5      | XOM: swap monsters
  4118 | D:5      | Identified the ring "Weoni" {rPois rF+ MP+9 Str-3} (You took it off an orc wizard on level 4 of the Dungeon)
  4182 | D:5      | XOM: smoke on damage
  4260 | D:5      | Reached XP level 8. HP: 53/58 MP: 8/8
  4286 | D:5      | XOM: god gift: 19 gold pieces
  4287 | D:5      | Reached skill level 6 in Dodging
  4328 | D:5      | XOM: confuse monster(s)
  4613 | D:4      | XOM: give mutations
  4613 | D:4      | Gained mutation: You tend to lose your temper in combat. [Xom's mischief]
  4613 | D:4      | Gained mutation: Scrolls take you a little longer to read. [Xom's mischief]
  4613 | D:4      | Gained mutation: Your muscles are strong. (Str +2) [Xom's mischief]
  4617 | D:5      | XOM: noise
  4627 | D:5      | Reached skill level 7 in Maces & Flails
  4657 | D:5      | XOM: divination: magic mapping
  4723 | D:5      | Noticed Blork the orc
  4744 | D:5      | Killed Blork the orc
  5019 | D:5      | XOM: divination: detect items
  5256 | D:6      | Found a staircase to the Ecumenical Temple.
  5355 | D:6      | XOM: mild Summ miscast
  5431 | D:6      | XOM: harmless Conj miscast
  5470 | D:6      | XOM: butterfly on damage
  5472 | D:6      | Reached skill level 7 in Dodging
  5555 | D:6      | Reached skill level 8 in Maces & Flails
  5896 | D:7      | XOM: enchant monster (bad)
  5931 | D:7      | Reached XP level 9. HP: 63/63 MP: 9/9
  6058 | D:7      | Found Nyj Zics's Food Shoppe.
  6184 | D:7      | Reached skill level 8 in Dodging
  6186 | D:7      | XOM: blink monster(s)
  6188 | D:7      | XOM: potion effect (agility)
  6191 | D:7      | Reached skill level 9 in Maces & Flails
  6254 | D:7      | Found Kihun's Antique Weapon Shoppe.
  6284 | D:7      | Found Iklotethru's General Store.
  6607 | D:8      | XOM: potion effect (might)
  6608 | D:8      | Reached skill level 4 in Fighting
  6671 | D:8      | XOM is BORED!
  6671 | D:8      | XOM: mild Conj miscast
  6751 | D:8      | XOM: cast spell 'Leda's Liquefaction'
  6837 | D:8      | Found Paine's Assorted Antiques.
  6837 | D:8      | XOM: divination: magic mapping
  6845 | D:8      | Bought a scroll labeled LAKIPI JOOCAMN for 26 gold pieces
  6845 | D:8      | Bought a scroll labeled UWUZIPLO XAIH for 26 gold pieces
  7050 | D:9      | Noticed a two-headed ogre
  7060 | D:9      | XOM: divination: magic mapping
  7070 | D:9      | Killed a two-headed ogre
  7070 | D:9      | Reached skill level 5 in Fighting
  7070 | D:9      | Reached skill level 10 in Maces & Flails
  7070 | D:9      | Reached XP level 10. HP: 23/74 MP: 10/10
  7217 | D:9      | XOM: potion effect (might)
  7351 | D:9      | Reached skill level 6 in Fighting
  7357 | D:9      | XOM: confuse monster(s)
  7447 | D:9      | XOM: 4-stop teleportation journey
  7475 | D:9      | Found Kisumair's Antique Armour Emporium.
  7565 | D:9      | XOM: potion effect (curing)
  7644 | D:9      | XOM is BORED!
  7644 | D:9      | XOM: medium Air miscast
  7693 | D:9      | XOM: 1-stop teleportation journey
  7745 | D:9      | Found a staircase to the Orcish Mines.
  7797 | D:9      | Reached skill level 7 in Fighting
  7984 | D:9      | XOM: mild Pois miscast
  8007 | D:10     | Entered Level 10 of the Dungeon
  8079 | D:10     | XOM: confuse monster(s)
  8184 | D:10     | Reached skill level 11 in Maces & Flails
  8209 | D:10     | XOM: give mutation
  8209 | D:10     | Gained mutation: You can translocate small distances at will. [Xom's grace]
  8457 | D:10     | Found a portal to a secret trove of treasure.
  8499 | D:10     | Reached skill level 8 in Fighting
  8730 | D:10     | Noticed a two-headed ogre
  8742 | D:10     | XOM: noise
  8745 | D:10     | Killed a two-headed ogre
  8745 | D:10     | Reached XP level 11. HP: 78/87 MP: 11/11
  8971 | D:10     | Found a staircase to the Lair.
  8980 | D:10     | XOM: repel stairs
  8984 | D:10     | XOM: medium Summ miscast
  8988 | D:10     | XOM: summons 2 hostile demons
  9010 | D:10     | XOM: harmless Conj miscast
  9174 | D:10     | XOM: harmless Erth miscast
  9281 | D:10     | XOM: 1-stop teleportation journey
  9322 | D:10     | XOM: give mutations
  9322 | D:10     | Gained mutation: You are robust. (+10% HP) [Xom's grace]
  9322 | D:10     | Gained mutation: You are resistant to electric shocks. (rElec) [Xom's grace]
  9476 | D:10     | XOM: harmless Pois miscast
  9556 | D:10     | XOM: god gift: scroll labeled KAEPRER ESEXT {god gift}
  9603 | D:11     | XOM: butterfly on damage
  9607 | D:11     | Found Quseqadi's Changing Room.
  9617 | D:11     | Noticed MirrMurr's ghost (journeyman HOBe)
  9630 | D:11     | XOM: cast spell 'Olgreb's Toxic Radiance'
  9631 | D:11     | XOM: cast spell 'Discord'
  9633 | D:11     | XOM: cast spell 'Statue Form'
  9637 | D:11     | Killed MirrMurr's ghost
  9637 | D:11     | Reached skill level 9 in Fighting
  9776 | D:11     | XOM: noise
  9788 | D:11     | XOM: confuse monster(s)
  9807 | D:11     | XOM: noise
 10083 | Lair:1   | Entered Level 1 of the Lair of Beasts
 10120 | Lair:1   | Found a dark tunnel.
 10137 | Volcano  | Entered a volcano
 10141 | Volcano  | XOM: potion effect (might)
 10142 | Volcano  | Lost mutation: You tend to lose your temper in combat. [potion of mutation]
 10142 | Volcano  | Lost mutation: You are resistant to electric shocks. (rElec) [potion of mutation]
 10142 | Volcano  | Gained mutation: Armour fits poorly on your strangely shaped body. [potion of mutation]
 10142 | Volcano  | Lost mutation: Armour fits poorly on your strangely shaped body. [potion of mutation]
 10142 | Volcano  | Gained mutation: Your muscles are very strong. (Str +4) [potion of mutation]
 10142 | Volcano  | Gained mutation: You possess an exceptional clarity of mind. [potion of mutation]
 10149 | Volcano  | Noticed a lindwurm
 10149 | Volcano  | Noticed a lindwurm
 10168 | Volcano  | Got a pair of smoking boots
 10189 | Lair:1   | Reached skill level 12 in Maces & Flails
 10198 | Lair:1   | Identified the cursed +0 pair of boots "Tiomp" {rN+} (You found it in a volcano)
 10237 | Lair:1   | XOM: give mutation
 10237 | Lair:1   | Gained mutation: You have large cloven feet. [Xom's grace]
 10309 | Lair:1   | XOM: harmless Air miscast
 10315 | Lair:1   | XOM: cast spell 'Statue Form'
 10353 | Lair:1   | Reached skill level 10 in Fighting
 10662 | Lair:1   | XOM: enchant monster (good)
 10888 | Lair:1   | XOM: cast spell 'Ring of Flames'
 10900 | Lair:1   | Reached skill level 11 in Fighting
 10926 | Lair:1   | Noticed Gastronok
 10926 | Lair:1   | XOM: butterfly on damage
 10944 | Lair:1   | XOM: polymorph butterfly -> adder
 10946 | Lair:1   | XOM: divination: detect creatures
 10949 | Lair:1   | Killed Gastronok
 11152 | Lair:2   | Found a hole to the Spider Nest.
 11154 | Lair:2   | XOM: enchant monster (good)
 11182 | Lair:2   | Reached skill level 12 in Fighting
 11182 | Lair:2   | Gained mutation: You have a pair of antennae on your head. [demonic ancestry]
 11182 | Lair:2   | Reached XP level 12. HP: 94/112 MP: 12/12
 11289 | Lair:2   | XOM: harmless Conj miscast
 11345 | Lair:2   | XOM: harmless Erth miscast
 11355 | Lair:2   | XOM: confuse monster(s)
 11367 | Lair:2   | Reached skill level 2 in Armour
 11377 | Lair:2   | XOM: potion effect (invisibility)
 11427 | Lair:2   | XOM: noise
 11448 | Lair:2   | XOM: noise
 11469 | Lair:2   | XOM: summons 3 hostile shadow creatures
 11487 | Lair:2   | XOM: blink monster(s)
 11488 | Lair:2   | Reached skill level 3 in Armour
 11515 | Lair:2   | XOM: swap monsters
 11804 | Lair:2   | Reached skill level 9 in Dodging
 12074 | Lair:3   | Reached skill level 4 in Armour
 12199 | Lair:3   | XOM: summons 6 hostile demons
 12271 | Lair:3   | XOM: give mutation
 12271 | Lair:3   | Lost mutation: Your muscles are very strong. (Str +4) [Xom's mischief]
 12383 | Lair:3   | XOM: blink monster(s)
 12475 | Lair:3   | Noticed a four-headed hydra
 12476 | Lair:3   | XOM: potion effect (haste)
 12480 | Lair:3   | XOM: silly message
 12482 | Lair:3   | XOM: enchant monster (bad)
 12489 | Lair:3   | XOM: blink monster(s)
 12495 | Lair:3   | XOM: god gift: 45 gold pieces
 12532 | Lair:3   | Reached skill level 5 in Armour
 12542 | Lair:3   | Killed a four-headed hydra
 12629 | Lair:3   | Found a staircase to the Swamp.
 12656 | Lair:3   | Noticed a five-headed hydra
 12663 | Lair:3   | XOM: noise
 12671 | Lair:3   | XOM: chaos cloud
 12687 | Lair:3   | Killed a five-headed hydra
 12687 | Lair:3   | Reached skill level 10 in Dodging
 12892 | Lair:3   | XOM: 8-stop teleportation journey
 13111 | Lair:3   | XOM: enchant monster (good)
 13130 | Lair:3   | XOM: confuse monster(s)
 13240 | Lair:3   | XOM: give mutations
 13240 | Lair:3   | Gained mutation: You evolve. [Xom's grace]
 13240 | Lair:3   | Gained mutation: Your flesh is heat resistant. (rF+) [Xom's grace]
 13240 | Lair:3   | Gained mutation: You are agile. (Dex +2) [Xom's grace]
 13282 | Lair:3   | Reached skill level 6 in Armour
 13282 | Lair:3   | XOM: divine lightning
 13335 | Lair:3   | XOM: give mutation
 13335 | Lair:3   | Gained mutation: You are very agile. (Dex +4) [Xom's grace]
 13451 | Lair:4   | XOM: polymorph crocodile -> wolf
 13626 | Lair:4   | Noticed a death yak
 13645 | Lair:4   | XOM: divination: magic mapping
 13646 | Lair:4   | Killed a death yak
 13663 | Lair:4   | XOM: 1-stop teleportation journey
 13726 | Lair:4   | XOM: cloud trail
 13793 | Lair:4   | XOM: summons 9 friendly demons
 13829 | Lair:4   | Got a fine leather armour
 13832 | Lair:4   | Identified the +1 leather armour of Nuhif {rPois rN+} (You found it on level 4 of the Lair of Beasts)
 13900 | Lair:4   | XOM: summons friendly quasit
 13910 | Lair:4   | XOM: fake destruction
 14034 | Lair:4   | Reached skill level 7 in Armour
 14055 | Lair:4   | XOM: scenery: create altars
 14065 | Lair:4   | Gained mutation: You are mostly covered in icy blue scales. (AC +3) [demonic ancestry]
 14065 | Lair:4   | Reached XP level 13. HP: 114/118 MP: 13/13
 14393 | Lair:5   | XOM: harmless Fire miscast
 14739 | Lair:5   | Reached skill level 11 in Dodging
 14958 | Lair:5   | XOM: mild Fire miscast
 14964 | Lair:5   | XOM: give mutations
 14964 | Lair:5   | Gained mutation: You occasionally shout uncontrollably at your foes. [Xom's mischief]
 14964 | Lair:5   | Lost mutation: You possess an exceptional clarity of mind. [Xom's mischief]
 14964 | Lair:5   | Gained mutation: Scrolls take you longer to read. [Xom's mischief]
 14985 | Lair:5   | XOM: fake destruction
 15038 | Lair:5   | XOM: silly message
 15240 | Lair:5   | XOM: medium Chrm miscast
 15329 | Lair:6   | Entered Level 6 of the Lair of Beasts
 15329 | Lair:6   | Noticed a dire elephant
 15354 | Lair:5   | Reached skill level 8 in Armour
 15404 | Lair:6   | Found a labyrinth entrance.
 15422 | Lab      | Entered a labyrinth
 15543 | Lab      | Noticed a minotaur
 15554 | Lab      | Killed a minotaur
 15556 | Lab      | Got a fine morningstar {protect}
 15564 | Lab      | Got a brightly glowing scimitar
 15569 | Lab      | Identified the +3 morningstar of Qitir {protect, Int+4} (You took it off a minotaur in a labyrinth)
 15577 | Lab      | Got a clouded ivory amulet
 15580 | Lab      | Identified the amulet of Yredelemnul's Pride {Inacc Str+4 SInv Stlth+} (You found it in a labyrinth)
 15614 | Lair:6   | XOM: medium Fire miscast
 15620 | Lair:6   | XOM: noise
 15646 | Lair:6   | XOM: blink monster(s)
 15686 | Lair:6   | XOM: enchant monster (bad)
 15687 | Lair:6   | XOM: fake destruction
 15688 | Lair:6   | XOM: divination: detect creatures
 15765 | Lair:6   | XOM: 1-stop teleportation journey
 15774 | Lair:6   | HP: 29/118 [wyvern (1)]
 15779 | Lair:6   | HP: 17/118 [blink frog (14)]
 15791 | Lair:6   | HP: 20/118 [water moccasin (5)]
 15924 | Lair:6   | XOM: give mutation
 15924 | Lair:6   | Lost mutation: You are very agile. (Dex +4) [Xom's mischief]
 15929 | Lair:6   | Found a staircase to the Slime Pits.
 15929 | Lair:6   | XOM: 6-stop teleportation journey
 15947 | Lair:6   | XOM: cleaving
 15976 | Lair:6   | XOM: swap monsters
 15999 | Lair:6   | XOM: mild Chrm miscast
 16012 | Lair:6   | XOM: blink monster(s)
 16018 | Lair:6   | Reached skill level 9 in Armour
 16047 | Lair:6   | Reached skill level 12 in Dodging
 16293 | Lair:6   | XOM: torment (52/118 hp)
 16294 | Lair:6   | XOM: swap monsters
 16296 | Lair:6   | Noticed an emperor scorpion
 16296 | Lair:6   | a death yak changed into an emperor scorpion
 16296 | Lair:6   | XOM: polymorph death yak -> emperor scorpion
 16302 | Lair:6   | Noticed an entropy weaver
 16302 | Lair:6   | an emperor scorpion changed into an entropy weaver
 16302 | Lair:6   | XOM: polymorph emperor scorpion -> entropy weaver
 16308 | Lair:6   | Noticed a ghost moth
 16308 | Lair:6   | an entropy weaver changed into a ghost moth
 16308 | Lair:6   | XOM: polymorph entropy weaver -> ghost moth
 16498 | Lair:6   | XOM: severe Erth miscast
 16518 | Lair:5   | HP: 24/118 [crocodile (9)]
 16522 | Lair:5   | HP: 9/118 [crocodile (8)]
 16522 | Lair:5   | HP: 4/118 [black mamba (5)]
 16527 | Lair:5   | HP: 13/118 [crocodile (13)]
 16538 | Lair:5   | HP: 9/118 [black mamba (9)]
 16734 | Lair:5   | XOM: stat loss: -1 Str (14/15)
 16835 | Slime:1  | Entered Level 1 of the Pits of Slime
 16835 | Slime:1  | Noticed an acid blob
 16947 | Lair:6   | XOM: noise
 16991 | Lair:6   | XOM: medium Tmut miscast
 17023 | Lair:6   | Gained mutation: You rapidly evolve. [mutagenic glow]
 17033 | Lair:6   | XOM: mild Fire miscast
 17039 | Lair:6   | XOM: fog
 17041 | Lair:6   | XOM: cleaving
 17044 | Lair:6   | XOM: summons friendly crimson imp
 17070 | Lair:6   | Killed a ghost moth
 17070 | Lair:6   | Reached skill level 10 in Armour
 17204 | Lair:6   | XOM: give mutations
 17204 | Lair:6   | Gained mutation: Your muscles are very strong. (Str +4) [Xom's grace]
 17204 | Lair:6   | Gained mutation: Your system is resistant to poisons. (rPois) [Xom's grace]
 17204 | Lair:6   | Gained mutation: You are very agile. (Dex +4) [Xom's grace]
 17278 | Lair:6   | Gained mutation: A weak demonic guardian rushes to your aid. [demonic ancestry]
 17278 | Lair:6   | Reached XP level 14. HP: 118/126 MP: 14/14
 17443 | Lair:6   | XOM: polymorph ufetubus -> crimson imp
 17450 | Lair:6   | XOM: give mutation
 17450 | Lair:6   | Gained mutation: You possess an exceptional clarity of mind. [Xom's grace]
 17469 | Lair:6   | XOM: polymorph quasit -> iron imp
 17470 | Lair:6   | XOM: summons 2 friendly demons
 17825 | Lair:6   | XOM: destruction
 17856 | Lair:6   | Gained mutation: Your flesh is very heat resistant. (rF++) [evolution]
 17885 | Lair:6   | XOM: divination: magic mapping
 17985 | Lair:6   | XOM: noise
 17988 | Lair:6   | XOM: noise
 18005 | Lair:6   | XOM: confuse monster(s)
 18037 | Lair:6   | XOM: confuse monster(s)
 18051 | Lair:6   | XOM: fog
 18240 | Lair:6   | XOM: summons 2 hostile shadow creatures
 18485 | Lair:6   | XOM: give mutations
 18485 | Lair:6   | Lost mutation: You are very agile. (Dex +4) [Xom's mischief]
 18485 | Lair:6   | Lost mutation: You occasionally shout uncontrollably at your foes. [Xom's mischief]
 18500 | Lair:6   | XOM: confuse monster(s)
 18633 | Lair:6   | Lost mutation: You are agile. (Dex +2) [a shining eye]
 18634 | Lair:6   | Gained mutation: Your magical capacity is low. (-10% MP) [a shining eye]
 18639 | Lair:6   | Lost mutation: Your magical capacity is low. (-10% MP) [a shining eye]
 18829 | Orc:1    | Entered Level 1 of the Orcish Mines
 18833 | Orc:1    | XOM: polymorph orc high priest -> tyrant leech
 18896 | D:9      | XOM: summons 7 hostile demons
 18970 | D:7      | Bought the +4 chain mail of Magic {MR++} for 518 gold pieces
 19049 | D:9      | XOM: mild Erth miscast
 19285 | Orc:1    | XOM: 5-stop teleportation journey
 19320 | Orc:1    | XOM: scenery: create altars
 19321 | Orc:1    | Reached skill level 13 in Maces & Flails
 19324 | Orc:1    | XOM: potion effect (heal wounds)
 19438 | Orc:1    | Noticed cirnu's ghost (journeyman DsFi)
 19466 | Orc:1    | Killed cirnu's ghost
 19765 | Orc:1    | XOM: summons 2 friendly demons
 20074 | Orc:1    | XOM: summons friendly crimson imp
 20547 | Orc:1    | Noticed a fire giant
 20556 | Orc:1    | XOM: enchant monster (good)
 20561 | Orc:1    | Killed a fire giant
 20561 | Orc:1    | Reached skill level 14 in Maces & Flails
 20655 | Orc:1    | XOM: god gift: potion of cancellation
 20700 | Orc:1    | XOM: summons 7 hostile demons
 20710 | Orc:1    | Got a polished rapier
 20720 | Orc:1    | Got a translucent hunting sling
 20735 | Orc:1    | XOM: give mutation
 20735 | Orc:1    | Gained mutation: You are very robust. (+20% HP) [Xom's grace]
 20891 | Orc:1    | XOM: 3-stop teleportation journey
 21030 | D:11     | Reached skill level 1 in Axes
 21040 | D:11     | Reached skill level 2 in Axes
 21219 | D:11     | XOM: scenery: create altars
 21270 | D:11     | XOM: harmless Fire miscast
 21281 | D:11     | XOM: divination: magic mapping
 21496 | Orc:2    | Entered Level 2 of the Orcish Mines
 21519 | Orc:2    | Found a roughly hewn altar of Beogh.
 21606 | Orc:2    | Found a staircase to the Elven Halls.
 21704 | Orc:2    | Found Ymonuab's General Store.
 21709 | Orc:2    | Found Naoqel's General Store.
 21714 | Orc:2    | Reached skill level 3 in Axes
 21717 | Orc:2    | XOM: confuse monster(s)
 21966 | Orc:2    | XOM: polymorph quasit -> crimson imp
 21969 | Orc:2    | Reached skill level 4 in Axes
 21970 | Orc:2    | XOM: cast spell 'Death Channel'
 21981 | Orc:2    | HP: 33/139 [orc knight/long sword of holy wrath (29)]
 21984 | Orc:2    | XOM: summons friendly ufetubus
 21986 | Orc:2    | HP: 28/139 [orc knight/long sword of holy wrath (20)]
 21987 | Orc:2    | HP: 9/139 [orc priest/divine providence (13)]
 22158 | Orc:2    | Found Vunnoonu's Assorted Antiques.
 22158 | Orc:2    | XOM: 2-stop teleportation journey
 22172 | Orc:2    | Bought a fizzy puce potion for 24 gold pieces
 22459 | Orc:2    | Gained mutation: You have a pair of large antennae on your head. (SInv) [demonic ancestry]
 22459 | Orc:2    | Reached XP level 15. HP: 146/146 MP: 15/15
 22506 | Orc:2    | XOM: harmless Tmut miscast
 22643 | Orc:2    | Reached skill level 5 in Axes
 22872 | Orc:2    | Reached skill level 6 in Axes
 22887 | Orc:2    | XOM: divination: detect creatures
 22922 | Orc:2    | Found Qoodus's Book Boutique.
 22922 | Orc:2    | Found Iqodic's Antique Armour Shop.
 22922 | Orc:2    | Found a one-way gate leading to the halls of Pandemonium.
 22932 | Orc:2    | Bought a distressingly furry scale mail for 207 gold pieces
 22942 | Orc:2    | Identified the +1 scale mail of Haukhl Doama {-Cast Dex+3 Slay+3 Stlth+} (You bought it in a shop on level 2 of the Orcish Mines)
 22942 | Orc:2    | XOM: mild Chrm miscast
 22996 | Orc:2    | XOM: god gift: wand of lightning (?/15) {god gift}
 23207 | D:12     | Reached skill level 7 in Axes
 23572 | D:12     | XOM: give mutations
 23572 | D:12     | Gained mutation: Your mind is acute. (Int +2) [Xom's grace]
 23572 | D:12     | Gained mutation: Your flesh is almost immune to the effects of heat. (rF+++) [Xom's grace]
 23593 | D:12     | XOM: noise
 23756 | D:11     | XOM: medium Fire miscast
 23815 | D:13     | Found a gate to the Vaults.
 23828 | D:13     | Reached skill level 8 in Axes
 23831 | D:13     | XOM: summons 10 friendly demons
 23834 | D:13     | XOM: polymorph centaur warrior -> sea snake
 24009 | D:13     | Reached skill level 9 in Axes
 24021 | D:13     | Got a jewelled short sword
 24120 | D:13     | Noticed Snorg
 24133 | D:13     | Killed Snorg
 24136 | D:13     | Found Qesagec's General Store.
 24178 | D:13     | Bought a scroll of enchant armour for 75 gold pieces
 24178 | D:13     | Bought a potion of curing for 30 gold pieces
 24178 | D:13     | Bought a scroll of fear for 35 gold pieces
 24285 | D:13     | Noticed Josephine
 24297 | D:13     | Killed Josephine
 24510 | D:13     | XOM: give mutations
 24510 | D:13     | Lost mutation: Your muscles are very strong. (Str +4) [Xom's mischief]
 24510 | D:13     | Lost mutation: You possess an exceptional clarity of mind. [Xom's mischief]
 24510 | D:13     | Lost mutation: You rapidly evolve. [Xom's mischief]
 24510 | D:13     | Lost mutation: You evolve. [Xom's mischief]
 24543 | D:13     | Noticed Erolcha
 24549 | D:13     | Killed Erolcha
 24549 | D:13     | Reached skill level 10 in Axes
 24771 | D:13     | XOM: harmless Pois miscast
 24956 | D:14     | XOM: give mutations
 24956 | D:14     | Lost mutation: You can translocate small distances at will. [Xom's mischief]
 24956 | D:14     | Lost mutation: Your muscles are strong. (Str +2) [Xom's mischief]
 25162 | D:14     | Noticed a sphinx
 25168 | D:14     | XOM: confuse monster(s)
 25182 | D:14     | HP: 51/219 [ice dragon (11)]
 25185 | D:14     | Reached skill level 11 in Axes
 25187 | D:14     | XOM: confuse monster(s)
 25193 | D:14     | HP: 34/146 [sphinx (2)]
 25195 | D:14     | Killed a sphinx
 25199 | D:14     | HP: 14/146 [deep elf mage/bolt of lightning (22)]
 25228 | D:14     | HP: 31/146 [orc priest/divine providence (13)]
 25239 | D:14     | HP: 23/146 [orc warrior/great sword (16)]
 25674 | D:14     | XOM: god gift: scroll of random uselessness
 25884 | D:14     | XOM: divination: magic mapping
 25891 | D:14     | XOM: polymorph white imp -> iron imp
 25901 | D:14     | Gained mutation: You are partially covered in sharp spines. [demonic ancestry]
 25901 | D:14     | Reached XP level 16. HP: 122/154 MP: 16/16
 26060 | D:14     | Reached skill level 12 in Axes
 26145 | D:14     | XOM: medium Erth miscast
 26167 | D:14     | XOM: silly message
 26185 | D:15     | Entered Level 15 of the Dungeon
 26205 | D:15     | HP: 30/154 [ettin/dire flail (25)]
 26208 | D:15     | HP: 13/154 [deep troll (6)]
 26208 | D:15     | HP: 6/154 [deep troll (7)]
 26209 | D:15     | Mangled by a deep troll

Vault maps used:
D:1:      dpeg_arrival_lava_temple_mockup, st_stairs_10, minmay_liquid_box,
          kennysheep_minor_cross
D:2:      old_standard_altar, minmay_misc_feat_diagonals,
          uniq_crazy_yiuf_cottage
D:3:      chequers_ecumenical_altar_island
D:4:      first_bread, uniq_robin, uniq_pikel
D:5:      kennysheep_generic_room_6, uniq_blork_the_orc
D:6:      temple_statues
D:7:      serial_shops, shop, nicolae_shop_trees, nicolae_shop_crystal,
          grunt_livestock, hangedman_decor_points
D:8:      serial_shops, kennysheep_little_box
D:9:      erik_orc_3, serial_shops, shop, serial_bayou_pond_e
D:10:     david_lair_generic, nicolae_trove_entry_crystal,
          serial_co_window_serial, co_window_paths_b, co_window_paths_a,
          co_window_corner_a, co_window_cross_1, co_window_paths_b,
          co_window_of_opportunity_c, co_window_corner_ca, co_window_broadway_a,
          co_window_corner_b, co_window_paths_c, co_window_unsneaky_path_a,
          co_window_4corner_a, glass_columns_a, glass_columns_c,
          grunt_ministairs_3
D:11:     nicolae_transmutations_shop
D:13:     lightli_vaults_fourway_checkpoint, serial_shops, shop, uniq_erolcha,
          uniq_josephine, uniq_snorg
D:14:     kennysheep_blocky_room, serial_bayou_pond_b
D:15:     hangedman_depths_entry_civil_slaughter
Lair:1:   nicolae_volcano_entry_lava_flow, grunt_megastairs_1, uniq_gastronok
Lair:2:   spider_nest_entry_a
Lair:3:   minmay_lair_oklob_tunnel, minmay_swamp_entry_swarm
Lair:4:   st_stairs_6, beast_lair_carwin_5
Lair:6:   guppyfry_lair_end_dragon, hangedman_lair_tendril_chambers,
          nicolae_slime_entry_slimehenge, lab_entry_generic
Orc:1:    giant_chief_lemuel
Orc:2:    pf_orc_diabolical, serial_shops, shop, basic_altar
Lab:      labyrinth_watery, labyrinth_fake_exit, labyrinth_lava_lair,
          nicolae_lab_arrow
Volcano:  volcano_aerie

Skill      XL: |  1  2  3  4  5  6  7  8  9 10 11 12 13 14 15 16 |
---------------+-------------------------------------------------+-----
Dodging        | 1 2 3 5 7 8 10 12 | 12.6
Maces & Flails | 3 4 5 6 8 10 11 12 14 | 14.0
Fighting       | 5 8 12 | 12.8
Armour         | 7 10 | 10.1
Axes           | 4 11 12 | 12.1

Action                   |  1- 3 |  4- 6 |  7- 9 | 10-12 | 13-15 | 16-18 || total
-------------------------+-------+-------+-------+-------+-------+-------++-------
Melee: Mace              |    91 |       |       |       |       |       ||    91
       Flail             |     4 |   122 |       |       |       |       ||   126
       Whip              |       |       |   550 |  1048 |  1174 |       ||  2772
       Morningstar       |       |       |       |    18 |     4 |       ||    22
       Kick              |       |       |       |     4 |       |       ||     4
       Broad axe         |       |       |       |       |   547 |    34 ||   581
Evoke: Wand              |       |     3 |       |    21 |    16 |       ||    40
       Phial of floods   |       |       |       |       |     3 |       ||     3
  Use: Potion            |       |     6 |     3 |     6 |    19 |       ||    34
       Scroll            |       |     1 |    15 |    15 |    15 |       ||    46
 Stab: Paralysed         |     2 |       |       |       |     2 |       ||     4
       Sleeping          |     1 |     1 |       |     1 |       |       ||     3
       Distracted        |       |     1 |       |     1 |    12 |       ||    14
       Confused          |       |       |     3 |     3 |     8 |       ||    14
       Petrified         |       |       |       |       |     3 |       ||     3
  Eat: Bread ration      |       |     1 |     1 |     1 |     3 |     1 ||     7
       Chunk             |       |     2 |    12 |    14 |    27 |       ||    55
       Meat ration       |       |       |       |     1 |       |       ||     1
Armor: Leather armour    |    38 |    46 |    81 |       |       |       ||   165
       Skin              |       |    11 |       |    13 |       |       ||    24
       Ring mail         |       |       |    68 |   216 |   232 |       ||   516
       Chain mail        |       |       |       |       |   331 |    39 ||   370
Dodge: Dodged            |    68 |    87 |   300 |   607 |  1116 |    31 ||  2209

Vault maps used:
D:1:      dpeg_arrival_lava_temple_mockup, st_stairs_10, minmay_liquid_box,
          kennysheep_minor_cross
D:2:      old_standard_altar, minmay_misc_feat_diagonals,
          uniq_crazy_yiuf_cottage
D:3:      chequers_ecumenical_altar_island
D:4:      first_bread, uniq_robin, uniq_pikel
D:5:      kennysheep_generic_room_6, uniq_blork_the_orc
D:6:      temple_statues
D:7:      serial_shops, shop, nicolae_shop_trees, nicolae_shop_crystal,
          grunt_livestock, hangedman_decor_points
D:8:      serial_shops, kennysheep_little_box
D:9:      erik_orc_3, serial_shops, shop, serial_bayou_pond_e
D:10:     david_lair_generic, nicolae_trove_entry_crystal,
          serial_co_window_serial, co_window_paths_b, co_window_paths_a,
          co_window_corner_a, co_window_cross_1, co_window_paths_b,
          co_window_of_opportunity_c, co_window_corner_ca, co_window_broadway_a,
          co_window_corner_b, co_window_paths_c, co_window_unsneaky_path_a,
          co_window_4corner_a, glass_columns_a, glass_columns_c,
          grunt_ministairs_3
D:11:     nicolae_transmutations_shop
D:13:     lightli_vaults_fourway_checkpoint, serial_shops, shop, uniq_erolcha,
          uniq_josephine, uniq_snorg
D:14:     kennysheep_blocky_room, serial_bayou_pond_b
D:15:     hangedman_depths_entry_civil_slaughter
Lair:1:   nicolae_volcano_entry_lava_flow, grunt_megastairs_1, uniq_gastronok
Lair:2:   spider_nest_entry_a
Lair:3:   minmay_lair_oklob_tunnel, minmay_swamp_entry_swarm
Lair:4:   st_stairs_6, beast_lair_carwin_5
Lair:6:   guppyfry_lair_end_dragon, hangedman_lair_tendril_chambers,
          nicolae_slime_entry_slimehenge, lab_entry_generic
Orc:1:    giant_chief_lemuel
Orc:2:    pf_orc_diabolical, serial_shops, shop, basic_altar
Lab:      labyrinth_watery, labyrinth_fake_exit, labyrinth_lava_lair,
          nicolae_lab_arrow
Volcano:  volcano_aerie

Table legend:
 A = Turns spent in this place as a percentage of turns spent in the entire game.
 B = Non-inter-level travel turns spent in this place as a percentage of non-inter-level travel turns spent in the entire game.
 C = Inter-level travel turns spent in this place as a percentage of turns spent in this place.
 D = Turns resting spent in this place as a percentage of non-inter-level travel turns spent in this place.
 E = Turns spent auto-exploring this place as a percentage of non-inter-level travel turns spent in this place.
 F = Non-inter-level travel turns spent in this place divided by the number of levels of this place that you've seen.
                   A       B       C       D       E      F
               +-------+-------+-------+-------+-------+----------------------
         Total | 100.0 | 100.0 |   0.6 |   2.9 |   8.1 | 372.8
       Dungeon |  47.7 |  47.7 |   0.7 |   3.0 |  11.4 | 308.0
          Lair |  36.7 |  36.8 |   0.5 |   2.9 |   4.7 | 593.8
    Slime Pits |   0.1 |   0.1 |   0.0 |   9.1 |   0.0 |  11.0
  Orcish Mines |  13.2 |  13.2 |   0.4 |   3.0 |   7.3 | 639.5
     Labyrinth |   1.8 |   1.8 |   0.0 |   0.0 |   0.0 | 176.0
       Volcano |   0.4 |   0.4 |   0.0 |   0.0 |   2.3 |  43.0
               +-------+-------+-------+-------+-------+----------------------

Table legend:
 A = Kills in this place as a percentage of kills in entire the game.
 B = Kills by you in this place as a percentage of kills by you in the entire game.
 C = Kills by friends in this place as a percentage of kills by friends in the entire game.
 D = Other kills in this place as a percentage of other kills in the entire game.
 E = Experience gained in this place as a percentage of experience gained in the entire game.
 F = Experience gained in this place divided by the number of levels of this place that you have seen.
                   A       B       C       D       E      F
               +-------+-------+-------+-------+-------+----------------------
         Total | 100.0 | 100.0 | 100.0 | 100.0 | 100.0 | 6129.8
       Dungeon |  57.0 |  57.6 |  52.9 |   0.0 |  40.3 | 4285.7
          Lair |  24.8 |  26.4 |   4.4 |  66.7 |  39.1 | 10389.3
  Orcish Mines |  18.1 |  16.0 |  41.2 |  33.3 |  20.1 | 16005.5
     Labyrinth |   0.1 |   0.0 |   1.5 |   0.0 |   0.5 | 741.0
               +-------+-------+-------+-------+-------+----------------------
